 Dungeon Crawl Stone Soup version 0.18.1-2-ga659475 (webtiles) character file.

128 SkaryMonk the Chopper (level 5, 0/45 HPs)
             Began as a Hill Orc Fighter on May 8, 2016.
             Slain by Natasha (7 damage)
             ... on level 1 of the Dungeon.
             The game lasted 00:04:31 (1953 turns).

SkaryMonk the Chopper (Hill Orc Fighter)            Turns: 1953, Time: 00:04:33

Health: 0/45       AC:  6    Str: 20    XL:     5   Next: 12%
Magic:  5/5        EV:  7    Int:  8    God:
Gold:   93         SH:  9    Dex: 10    Spells: 0 memorised, 4 levels left

rFire  . . .     SeeInvis .     a - +0 war axe
rCold  . . .     Gourm    +     b - +0 scale mail
rNeg   . . .     Faith    .     c - +0 shield
rPois  .         Spirit   .     (no helmet)
rElec  .         Dismiss  .     (no cloak)
rCorr  .         Reflect  .     (no gloves)
SustAt .         Harm     .     (no boots)
MR     +....                    e - amulet of the gourmand (curse)
Stlth  ..........               (no ring)
                                o - ring of protection from magic

@: somewhat resistant to hostile enchantments, extremely unstealthy
A: no striking features
a: no special abilities


You were on level 1 of the Dungeon.
You were very full.

You visited 1 branch of the dungeon, and saw 2 of its levels.

You collected 93 gold pieces.

Notes
Turn   | Place    | Note
--------------------------------------------------------------
     0 | D:1      | SkaryMonk the Hill Orc Fighter began the quest for the Orb.
     0 | D:1      | Reached XP level 1. HP: 19/19 MP: 1/1
   117 | D:1      | Reached skill level 3 in Axes
   298 | D:1      | Reached XP level 2. HP: 23/26 MP: 2/2
   505 | D:1      | Reached skill level 4 in Axes
   660 | D:1      | Reached XP level 3. HP: 30/31 MP: 3/3
   930 | D:2      | Noticed Jessica
   938 | D:2      | Killed Jessica
   938 | D:2      | Reached skill level 5 in Axes
   983 | D:2      | Reached XP level 4. HP: 27/39 MP: 4/4
  1049 | D:2      | Noticed Terence
  1317 | D:2      | Noticed Natasha
  1322 | D:1      | Reached skill level 6 in Axes
  1644 | D:2      | Killed Terence
  1674 | D:2      | Reached XP level 5. HP: 45/45 MP: 5/5
  1953 | D:1      | Slain by Natasha

Inventory:

Hand Weapons
 a - a +0 war axe (weapon)
Armour
 b - a +0 scale mail (worn)
 c - a +0 shield (worn)
Jewellery
 e - a cursed amulet of the gourmand (around neck)
 h - an uncursed amulet of faith {unknown}
 o - a ring of protection from magic (left hand)
Wands
 s - a wand of teleportation (5/9)
Scrolls
 j - a scroll of blinking
 n - a scroll of teleportation {unknown}
 p - a scroll of amnesia
 u - a scroll of remove curse {unknown}
Potions
 g - a potion of invisibility {unknown}
 i - a potion of flight
 k - a potion of lignification {unknown}
 l - 2 potions of magic {unknown}
 r - a potion of agility {unknown}
 t - 2 potions of curing {unknown}
 v - a potion of degeneration {unknown}
Comestibles
 f - 2 bread rations
 m - a meat ration
 q - a slice of pizza

Table legend:
 A = Turns spent in this place as a percentage of turns spent in the entire game.
 B = Non-inter-level travel turns spent in this place as a percentage of non-inter-level travel turns spent in the entire game.
 C = Inter-level travel turns spent in this place as a percentage of turns spent in this place.
 D = Turns resting spent in this place as a percentage of non-inter-level travel turns spent in this place.
 E = Turns spent auto-exploring this place as a percentage of non-inter-level travel turns spent in this place.
 F = Non-inter-level travel turns spent in this place divided by the number of levels of this place that you've seen.
                   A       B       C       D       E      F
               +-------+-------+-------+-------+-------+----------------------
         Total | 100.0 | 100.0 |   1.6 |   2.8 |  13.0 | 211.5
       Dungeon | 100.0 | 100.0 |   1.6 |   2.8 |  13.0 | 211.5
               +-------+-------+-------+-------+-------+----------------------


   Skills:
 - Level 3.6 Fighting
 + Level 6.8 Axes
 - Level 3.2 Armour
 - Level 3.2 Shields


You had 4 spell levels left.
You didn't know any spells.

Dungeon Overview and Level Annotations

Branches:
Dungeon (2/15)

Altars:

Annotations:
D:1 Natasha


Message History

The gnoll is moderately wounded.
You closely miss Natasha. Natasha claws you. The gnoll hits you with a flail.
* * * LOW HITPOINT WARNING * * *
You hit the gnoll but do no damage.
The gnoll is moderately wounded.
Your shield and scale mail prevent you from hitting Natasha.
You block Natasha's attack. The gnoll barely misses you.
You barely miss the gnoll.
The gnoll is moderately wounded.
Your shield prevents you from hitting Natasha.
Natasha casts a spell.
You block the gnoll's attack.
You barely miss the gnoll.
The gnoll is moderately wounded.
You hit Natasha but do no damage.
Natasha casts a spell.
The gnoll hits you with a flail.
* * * LOW HITPOINT WARNING * * *
Natasha claws you!
You die...

###.....###.#######
#.....# #.# ##...## #.#
######## #.# ##...## #.#
##.###.# #.#
#....#.######.#####
#..#........5.)...########
#.#...######5g@##........#
#.##### #..h..########.#
#.# ##...## #.# #.# ##.##
##.###### #.# #.#
#.......# #.# #.#
#..####.# #.##### ##'##
#..# #.# #.....# ##...##
#..####.# #####.#
##.....## #....##.#


You could see Natasha, a gnoll, a crimson imp and a white imp.

Table legend:
 A = Kills in this place as a percentage of kills in entire the game.
 B = Kills by you in this place as a percentage of kills by you in the entire game.
 C = Kills by friends in this place as a percentage of kills by friends in the entire game.
 D = Other kills in this place as a percentage of other kills in the entire game.
 E = Experience gained in this place as a percentage of experience gained in the entire game.
 F = Experience gained in this place divided by the number of levels of this place that you have seen.
                   A       B       C       D       E      F
               +-------+-------+-------+-------+-------+----------------------
         Total | 100.0 | 100.0 |  -nan |  -nan | 100.0 |  92.0
       Dungeon | 100.0 | 100.0 |  -nan |  -nan | 100.0 |  92.0
               +-------+-------+-------+-------+-------+----------------------

Vanquished Creatures
  Terence (D:2)
  Jessica (D:2)
  3 gnolls
  2 oozes
  A worm (D:2)
  A dart slug (D:1)
  A giant gecko (D:1)
  3 giant cockroaches
  3 goblins
  3 hobgoblins
  4 jackals (D:1)
  2 kobolds
  5 bats
  2 giant newts
  2 rats
34 creatures vanquished.

Action                   |  1- 3 |  4- 6 || total
-------------------------+-------+-------++-------
Melee: War axe           |    83 |    46 ||   129
  Use: Scroll            |     4 |       ||     4
       Potion            |       |     1 ||     1
  Eat: Chunk             |     4 |    10 ||    14
Armor: Scale mail        |    42 |    14 ||    56
Dodge: Dodged            |    23 |    11 ||    34
Block: Shield            |    38 |    12 ||    50

Vault maps used:
D:1:      eino_arrival_tree_alley
D:2:      first_bread, uniq_terence, uniq_jessica, uniq_natasha
